 Dungeon Sprint DCSS version 0.26.1-2-gb8aa6d0cf2 (webtiles) character file.

Game seed: 17713241629364476414

264 Groucho the Unseen (level 5, 24/24 HPs)
             Began as a Felid Berserker on Feb 12, 2021.
             Was an Elder of Trog.
             Got out of the dungeon alive.
             The game lasted 00:03:04 (640 turns).

Groucho the Unseen (Felid Berserker)                 Turns: 640, Time: 00:03:05

Health: 24/24      AC:  2    Str: 13    XL:     5   Next: 98%
Magic:  6/6        EV: 19    Int:  9    God:    Trog [****..]
Gold:   0          SH:  0    Dex: 17    Spells: 4/4 levels left
                                        Lives:  0   Deaths: 1

rFire    . . .     SeeInvis +     - Unarmed
rCold    . . .     Faith    .   (shield unavailable)
rNeg     . . .     Spirit   .   (armour unavailable)
rPois    .         Reflect  .   (helmet unavailable)
rElec    .         Harm     .   (cloak unavailable)
rCorr    .         Rampage  .   (gloves unavailable)
Will     .....     NoTele   +   (boots unavailable)
Stlth    ++++++++..             (no amulet)
HPRegen  0.08/turn              (no ring)
MPRegen  0.10/turn              (no ring)

@: quick
A: very small, no armour, no weapons or thrown items, stealth, claws 1, fangs 3,
see invisible, speed 1, shaggy fur 2, sharp paws
a: Renounce Religion, Berserk, Trog's Hand, Brothers in Arms


You escaped.
You worshipped Trog.
Trog was greatly pleased with you.
You visited 1 branch

Inventory:

Jewellery
 j - a +2 ring of evasion
 k - a +3 ring of dexterity
Wands
 i - a wand of acid (10)
Scrolls
 f - 2 scrolls of blinking
 h - 3 scrolls of remove curse
 l - 2 scrolls of amnesia
Potions
 a - 5 potions of curing
 b - 3 potions of heal wounds
 c - a potion of haste
 d - 4 potions of magic
 e - a potion of berserk rage
 g - a potion of invisibility


   Skills:
 - Level 3.0 Fighting
 - Level 4.0 Dodging
 + Level 19.1 Stealth
 - Level 3.0 Unarmed Combat


You had 4 spell levels left.
You didn't know any spells.
Your spell library was empty.

Dungeon Overview and Level Annotations

Branches:
Dungeon (1/1)

Altars:
Cheibriados
Dithmenos
Elyvilon
Fedhas
Gozag
Hepliaklqana
Kikubaaqudgha
Makhleb
Nemelex Xobeh
Okawaru
Qazlal
Ru
Sif Muna
Trog
Uskayaw
Vehumet
Wu Jian
Xom
Yredelemnul
Zin
The Shining One
Beogh
Jiyva
Lugonu


Innate Abilities, Weirdness & Mutations

You cannot wear armour.
You are incapable of wielding weapons or throwing items.
Your paws allow you to move quietly. (Stealth)
You have sharp claws.
You have razor-sharp teeth.
You have supernaturally acute eyesight. (SInv)
You cover ground quickly.
You are covered in thick fur. (AC +2)
Your sharp claws are effective at attacking unaware monsters.


Message History

There is an ancient bone altar of Kikubaaqudgha here.
There is a viscous altar of Jiyva here.
There is a hazy altar of Hepliaklqana here.
There is an opulent altar of Gozag here.
There is a blossoming altar of Fedhas here.
There is a white marble altar of Elyvilon here.
There is a shadowy altar of Dithmenos here.
There is a snail-covered altar of Cheibriados here.
There is a roughly hewn altar of Beogh here.
There is an open door to the Temple here.
You see here a +0 war axe.
There is an open door here.
There is an open door to the Dungeon, spattered with blood here.
You see here a +0 club.
There is a staircase leading out of the dungeon here.
Are you sure you want to leave the Dungeon?
This will make you lose the game!
Alright, then stay!
Unknown command.
Are you sure you want to leave the Dungeon?
This will make you lose the game!
You have escaped! ▓▓▓▓▓▓▓▓▓▓▓▓▓▓▓▓▓▓ '...).'.....)...@▓ ▓▓▓▓▓▓▓▓▓▓▓▓▓▓▓▓▓▓

There were no monsters in sight!

Vanquished Creatures
  A wraith (D)
  A phantom (D)
  A sky beast (D)
  An ogre (D)
  A centaur (D)
  An ooze (D)
  2 orcs (D)
  A bat skeleton (D)
  A goblin (D)
  2 hobgoblins (D)
  A bat (D)
  A frilled lizard (D)
14 creatures vanquished.

Notes
Turn   | Place    | Note
-------+----------+-------------------------------------------
     0 | D        | Groucho the Felid Berserker began the quest for the Orb.
     0 | D        | Reached XP level 1. HP: 10/10 MP: 2/2
     5 | D        | Reached skill level 2 in Stealth
    11 | D        | Reached skill level 3 in Stealth
    15 | D        | Reached ** piety under Trog
    16 | D        | Reached skill level 4 in Stealth
    26 | D        | Noticed a sky beast
    26 | D        | Noticed a phantom
    39 | D        | Killed a phantom
    40 | D        | Reached skill level 12 in Stealth
    40 | D        | Reached XP level 2. HP: 12/14 MP: 3/3
    40 | D        | Reached XP level 3. HP: 15/17 MP: 4/4
    40 | D        | Reached XP level 4. HP: 18/21 MP: 5/5
    49 | D        | Killed a sky beast
    49 | D        | Reached *** piety under Trog
    50 | D        | Reached skill level 14 in Stealth
    50 | D        | Reached XP level 5. HP: 13/24 MP: 6/6
    51 | D        | Reached skill level 15 in Stealth
    54 | D        | HP: 1/24 [orc/+0 war axe (8)]
    62 | D        | Found a roughly hewn altar of Beogh.
    62 | D        | Found a snail-covered altar of Cheibriados.
    62 | D        | Found a shadowy altar of Dithmenos.
    62 | D        | Found a white marble altar of Elyvilon.
    62 | D        | Found a blossoming altar of Fedhas.
    62 | D        | Found an opulent altar of Gozag.
    63 | D        | Found a hazy altar of Hepliaklqana.
    64 | D        | Found a viscous altar of Jiyva.
    65 | D        | Found an ancient bone altar of Kikubaaqudgha.
    66 | D        | Found a corrupted altar of Lugonu.
    67 | D        | Found a burning altar of Makhleb.
    68 | D        | Found a sparkling altar of Nemelex Xobeh.
    69 | D        | Found an iron altar of Okawaru.
    70 | D        | Found a stormy altar of Qazlal.
    71 | D        | Found a sacrificial altar of Ru.
    72 | D        | Found a shimmering blue altar of Sif Muna.
    73 | D        | Found a bloodstained altar of Trog.
    74 | D        | Found a hide-covered altar of Uskayaw.
    75 | D        | Found a radiant altar of Vehumet.
    76 | D        | Found an ornate altar of the Wu Jian Council.
    77 | D        | Found a shimmering altar of Xom.
    78 | D        | Found a basalt altar of Yredelemnul.
    79 | D        | Found a glowing silver altar of Zin.
    80 | D        | Found a glowing golden altar of the Shining One.
   569 | D        | Noticed an ogre
   569 | D        | Noticed a wraith
   569 | D        | Noticed a centaur
   569 | D        | Noticed an ogre
   569 | D        | Noticed a wraith
   571 | D        | Killed a wraith
   571 | D        | Reached **** piety under Trog
   572 | D        | Reached skill level 17 in Stealth
   572 | D        | Gained mutation: You are covered in thick fur. (AC +2)
                  | [Felid growth]
   572 | D        | Reached XP level 6. HP: 28/28 MP: 7/7
   578 | D        | Reached skill level 18 in Stealth
   583 | D        | Reached skill level 19 in Stealth
   590 | D        | Slain by a wraith
   591 | D        | Reached XP level 5. HP: 0/24 MP: 6/6
   640 | D        | Got out of the dungeon alive.

Illustrated notes

Levels and vault maps discovered:
D:        linesprint [early_d, line_temple, items_1, d_10, items_2, lair_1,
          lair_end, items_3, orc_1, orc_end, items_4, d_15, swamp_1, shoals_1,
          snake_1, spider_1, d_20, vaults_1, items_5, swamp_end, shoals_end,
          snake_end, spider_end, vaults_end, d_27, items_6, zot_1, zot_end,
          crypt_end, forest_end, elf_end, slime_end, tomb_end, abyss_end,
          pan_hell_end]

Skill      XL: |  1  2  3  4  5  6 |
---------------+-------------------+-----
Stealth        | 12 14 17 19 | 19.1
Fighting       | |  3.0
Dodging        | |  4.0
Unarmed Combat | |  3.0

Action                   |  1- 3 |  4- 6 || total
-------------------------+-------+-------++-------
Melee: Unarmed           |    27 |    32 ||    59
       Bite              |       |     4 ||     4
Invok: Berserk           |     1 |     1 ||     2
 Stab: Sleeping          |     1 |     1 ||     2
Armor: Skin              |       |     2 ||     2
Dodge: Dodged            |    18 |    22 ||    40
